AoeStats
← Vicho

Highland

506762780Analyzed
2v2 RM · 16d ago on Sep 15, 2026· 196m 13s· 4 players
Game mode
Random Map
Map size
Medium (4 player)
Population
200
Speed
Normal
Resources
Standard
Victory
Conquest
Starting age
Dark Age
Ending age
Imperial Age
RankedLock teamsTeams togetherTeam positionsShared explorationLock speedFull tech treeHidden civsTurbo modeCheats
Victory
Defeat
🇨🇱 Romans · Chile
607
+18
🇨🇱 Bohemians · Chile
605
+18
🇦🇷 Britons · Argentina
656
-19
🇦🇷 Poles · Argentina
625
-17
Vicho
0:27 Loom
12:50 Feudal Age
14:04 Double-Bit Axe
14:10 Horse Collar
23:06 Castle Age
28:17 Bow Saw
28:27 Heavy Plow
32:48 Imperial Age
33:01 Fervor
34:29 Chemistry
33:51 Ballistics
33:12 Treadmill Crane
39:04 Elite Hussite Wagon
40:05 Conscription
39:51 Wagenburg Tactics
41:15 Two-Man Saw
40:54 Elite Cannon Galleon
42:58 Fletching
43:09 Padded Archer Armor
45:01 Houfnice
48:10 Bodkin Arrow
48:30 Leather Archer Armor
56:33 Pikeman
57:14 Squires
67:16 Halberdier
68:01 Scale Mail Armor
68:11 Forging
103:37 Man-at-Arms
104:56 Iron Casting
104:37 Chain Mail Armor
119:51 Blast Furnace
119:22 Plate Mail Armor
119:59 Cavalier
120:39 Husbandry
120:49 Scale Barding Armor
122:11 Caravan
126:38 Chain Barding Armor
128:29 Light Cavalry
142:32 Bracer
143:02 Ring Archer Armor
153:12 Long Swordsman
153:40 Arson
153:57 Two-Handed Swordsman
154:26 Elite Skirmisher
154:27 Crossbowman
156:52 Champion
157:02 Onager
157:27 Arbalester
159:22 Onager
195:46 Spies/Treason
Whalter
0:34 Loom
13:47 Feudal Age
21:25 Horse Collar
21:33 Double-Bit Axe
27:22 Castle Age
27:08 Gold Mining
27:12 Stone Mining
34:53 Imperial Age
38:20 Heavy Plow
38:34 Bow Saw
39:16 Wheelbarrow
45:15 Gold Shaft Mining
46:46 Hand Cart
51:13 Heavy Scorpion
54:14 Chemistry
92:45 Pikeman
93:26 Squires
98:02 Halberdier
104:05 Forging
103:56 Scale Mail Armor
104:01 Scale Barding Armor
107:31 Caravan
108:02 Coinage
114:30 Crop Rotation
113:49 Town Watch
114:47 Iron Casting
114:27 Chain Mail Armor
119:39 Blast Furnace
121:49 Cavalier
122:35 Husbandry
123:38 Chain Barding Armor
130:07 Conscription
154:56 Banking
benjaminmarquinez
13:49 Feudal Age
15:24 Horse Collar
15:33 Double-Bit Axe
20:35 Castle Age
19:11 Scale Mail Armor
19:18 Padded Archer Armor
20:00 Fletching
20:28 Forging
20:41 Crossbowman
22:17 Pikeman
22:58 Squires
22:53 Gambesons
24:10 Caravan
24:52 Loom
25:43 Town Watch
29:15 Wheelbarrow
31:57 Leather Archer Armor
31:58 Chain Mail Armor
31:39 Bodkin Arrow
32:22 Iron Casting
35:16 Yeomen
37:38 Imperial Age
37:56 Elite Longbowman
38:04 Heavy Scorpion
41:44 Husbandry
42:09 Bow Saw
42:03 Heavy Plow
42:40 Arbalester
46:28 Heated Shot
47:40 Chemistry
47:01 Ballistics
46:37 Murder Holes
55:45 Cavalier
61:11 Elite Skirmisher
61:19 Light Cavalry
103:49 Onager
128:31 Halberdier
pagetmelina016
2:32 Loom
15:11 Feudal Age
16:38 Wheelbarrow
15:46 Horse Collar
15:55 Double-Bit Axe
16:06 Gold Mining
19:09 Stone Mining
20:54 Fishing Lines
27:44 Castle Age
26:12 Bloodlines
27:20 Forging
27:16 Scale Barding Armor
27:54 Scale Mail Armor
28:01 Arson
28:49 Husbandry
28:10 Light Cavalry
29:25 Bow Saw
29:57 Iron Casting
29:43 Chain Barding Armor
29:17 Fletching
29:28 Padded Archer Armor
29:45 Chain Mail Armor
29:35 Caravan
30:07 Coinage
29:41 Heavy Plow
30:35 Medium Warships
31:33 Hand Cart
33:54 Szlachta Privileges
38:11 Imperial Age
36:23 Stone Shaft Mining
35:40 Town Watch
36:46 Bodkin Arrow
37:08 Leather Archer Armor
40:46 Chemistry
39:42 Murder Holes
39:28 Treadmill Crane
39:28 Cavalier
43:33 Crop Rotation
44:06 Blast Furnace
43:37 Plate Mail Armor
43:07 Bracer
43:34 Ballistics
45:37 Town Patrol
45:28 Loom
45:38 Elite Obuch
47:01 Lechitic Legacy
47:18 Hoardings
46:15 Sappers
47:05 Conscription
48:36 Banking
47:51 Capped Ram
56:12 Heavy Warships
58:34 Siege Ram
59:10 Winged Hussar
60:12 Man-at-Arms
60:54 Squires
63:03 Onager
65:01 Pikeman
99:26 Long Swordsman
99:29 Elite Skirmisher
100:15 Thumb Ring
115:42 Two-Handed Swordsman
139:05 Champion
142:22 Siege Engineers
142:29 Fortified Wall
Connection lost

Rejoining the realm…

Still unreachable

The connection could not be restored.

Session expired

The server has moved on; the page needs a fresh start.